 Dungeon Crawl Stone Soup version 0.21.1-1-g345015fe64 (webtiles) character file.

404 Loge the Conjurer (level 6, -6/32 HPs)
             Began as a Deep Elf Fire Elementalist on July 16, 2018.
             Shot with an arrow by a centaur (11 damage)
             ... on level 5 of the Dungeon.
             The game lasted 00:19:17 (5954 turns).

Loge the Conjurer (Deep Elf Fire Elementalist)      Turns: 5954, Time: 00:19:18

Health: -6/32      AC:  2    Str:  5    XL:     6   Next: 56%
Magic:  11/15      EV: 13    Int: 22    God:
Gold:   185        SH:  0    Dex: 15    Spells: 5/15 levels left

rFire    . . .     SeeInvis .   q - +2 dagger (venom)
rCold    . . .     Gourm    .   (no shield)
rNeg     . . .     Faith    .   l - +0 robe
rPois    .         Spirit   .   (no helmet)
rElec    .         Reflect  .   (no cloak)
rCorr    .         Harm     .   (no gloves)
MR       .....                  (no boots)
Stlth    ++........             (no amulet)
HPRegen  0.10/turn              (no ring)
MPRegen  0.14/turn              (no ring)

@: no status effects
A: no striking features
a: no special abilities


You were on level 5 of the Dungeon.
You were not hungry.

You visited 1 branch of the dungeon, and saw 5 of its levels.

You collected 185 gold pieces.

Inventory:

Hand Weapons
 a - a +1 dagger of speed
 q - a +2 dagger of venom (weapon)
Missiles
 g - 7 needles of confusion
 j - 63 stones (quivered)
Armour
 l - a +0 robe (worn)
Jewellery
 k - a cursed ring of loudness {unknown}
Wands
 w - a wand of polymorph (13)
Scrolls
 h - 3 scrolls of remove curse
 m - 2 scrolls of magic mapping {unknown}
 n - 2 scrolls of enchant weapon {unknown}
 o - 2 scrolls of teleportation {unknown}
 r - a scroll of blinking {unknown}
 x - a scroll of identify
Potions
 d - a potion of mutation
 e - 2 potions of heal wounds
 i - 4 potions of curing
 p - a potion of resistance
 s - a potion of cancellation {unknown}
 t - a potion of magic {unknown}
 u - a potion of degeneration {unknown}
 v - a potion of flight {unknown}
Books
 b - a book of Flames

   Spells                             Type                      Level
   a - Flame Tongue                   Conjuration/Fire             1
   b - Throw Flame                    Conjuration/Fire             2
   c - Conjure Flame                  Conjuration/Fire             3
   d - Inner Flame                    Hexes/Fire                   3
   e - Sticky Flame                   Conjuration/Fire             4
   f - Fireball                       Conjuration/Fire             5
 f - a book of Maledictions

   Spells                             Type                      Level
   a - Corona                         Hexes                        1
   b - Ensorcelled Hibernation        Hexes/Ice                    2
   c - Confuse                        Hexes                        3
   d - Tukima's Dance                 Hexes                        3
   e - Dazzling Spray                 Conjuration/Hexes            3
Comestibles
 c - 4 rations
 z - 3 chunks of flesh


   Skills:
 - Level 2.4 Dodging
 - Level 2.4 Stealth
 + Level 5.2 Spellcasting
 * Level 5.3 Conjurations
 + Level 4.9 Fire Magic


You had 5 spell levels left.
You knew the following spells:

 Your Spells              Type           Power        Failure   Level  Hunger
a - Flame Tongue          Conj/Fire      ####.        1%          1    None
b - Throw Flame           Conj/Fire      ####..       1%          2    None
c - Conjure Flame         Conj/Fire      ####....     3%          3    ##.....
d - Sticky Flame          Conj/Fire      ####....     12%         4    ####...


Dungeon Overview and Level Annotations

Branches:
Dungeon (5/15)
 Temple: D:4-7

Altars:
Cheibriados
Sif Muna
Trog
Xom

Annotations:
D:2 exclusion: downstairs
D:4 2 transporters


Message History

The centaur is moderately wounded.
The centaur wields a shortbow.
The centaur shoots an arrow.
The arrow barely misses you.
The centaur shoots an arrow.
The arrow hits you.
The centaur shoots an arrow.
The arrow hits you!
Ouch! That really hurt!
You see here an arrow.
The centaur shoots an arrow.
The arrow hits you!
* * * LOW HITPOINT WARNING * * *
You see here an arrow.
Casting: Throw Flame
Confirm with . or Enter, or press ? or * to list all spells.
Okay, then.
Unknown command.
Casting: Throw Flame
Confirm with . or Enter, or press ? or * to list all spells.
Aiming: Conjure Flame
Press: ? - help, Dir - move target cursor, p - centaur The fire ignites!
The centaur shoots an arrow.
The arrow hits you!
You die...

#.....#
#c....#
#.....#
#.....#
#.....#
#ยง....#
#.....#
#.....#
#@....#
#.....#
#####.....#
#.........#
#.........#
#.........#
#.........#
##'##.....#
#..#.....#


You could see a centaur.

Vanquished Creatures
  2 scorpions
  2 orc wizards
  A bullfrog skeleton (D:4)
  An iguana (D:5)
  A worker ant (D:4)
  The ghost of letownia the Insei, a weakling DsGl (D:3)
  A hound skeleton (D:4)
  4 adders
  2 oozes (D:2)
  2 worms
  A dart slug (D:1)
  2 leopard geckos (D:2)
  4 orcs
  A ball python (D:2)
  5 bats
  A giant cockroach (D:2)
  15 hobgoblins
  14 jackals
  A quokka (D:4)
  4 frilled lizards
  7 goblins
  4 kobolds
  10 rats
86 creatures vanquished.

Vanquished Creatures (others)
  3 plants (D:1)
3 creatures vanquished.

Grand Total: 89 creatures vanquished

Notes
Turn   | Place    | Note
-------+----------+-------------------------------------------
     0 | D:1      | Loge the Deep Elf Fire Elementalist began the quest for the Orb.
     0 | D:1      | Reached XP level 1. HP: 10/10 MP: 6/6
   219 | D:1      | Reached XP level 2. HP: 15/15 MP: 5/8
   223 | D:1      | Learned a level 2 spell: Throw Flame
  1121 | D:1      | Reached XP level 3. HP: 19/19 MP: 2/10
  1129 | D:1      | Learned a level 3 spell: Conjure Flame
  1910 | D:2      | Reached XP level 4. HP: 24/24 MP: 1/12
  2532 | D:2      | Reached XP level 5. HP: 28/28 MP: 3/13
  2538 | D:2      | Learned a level 4 spell: Sticky Flame
  3327 | D:3      | Noticed letownia's ghost (weakling DsGl)
  3737 | D:3      | Found a bloodstained altar of Trog.
  3997 | D:3      | Killed letownia's ghost
  4591 | D:3      | Reached XP level 6. HP: 9/32 MP: 5/15
  4911 | D:4      | Found a shimmering altar of Xom.
  4912 | D:4      | Found a deep blue altar of Sif Muna.
  4913 | D:4      | Found a transporter.
  4930 | D:4      | Found a transporter.
  5018 | D:4      | Reached skill level 5 in Spellcasting
  5018 | D:4      | Reached skill level 5 in Conjurations
  5733 | D:4      | Found a snail-covered altar of Cheibriados.
  5803 | D:5      | Entered Level 5 of the Dungeon
  5954 | D:5      | Shot with an arrow by a centaur

Skill      XL: |  1  2  3  4  5  6 |
---------------+-------------------+-----
Conjurations   | 2 3 4 5 |  5.3
Spellcasting   | 4 5 |  5.2
Fire Magic     | 4 |  4.9
Dodging        | |  2.4
Stealth        | |  2.4

Action                   |  1- 3 |  4- 6 || total
-------------------------+-------+-------++-------
Melee: Dagger            |    15 |       ||    15
       Unarmed           |     1 |       ||     1
 Cast: Flame Tongue      |    72 |    98 ||   170
       Throw Flame       |     9 |    14 ||    23
       Conjure Flame     |     6 |    10 ||    16
  Use: Scroll            |       |     5 ||     5
  Eat: Chunk             |     4 |     7 ||    11
       Ration            |       |     2 ||     2
Armor: Robe              |    11 |     1 ||    12
Dodge: Dodged            |    40 |    25 ||    65
